 Dungeon Crawl Stone Soup version 0.23.2-1-ga50397a (webtiles) character file.

Game seed: 1516011265500309159

719 Fang the Skirmisher (level 7, -3/44 HPs)
             Began as a Gargoyle Berserker on Apr 29, 2019.
             Was a Believer of Trog.
             Slain by an ogre
             ... wielding a +0 giant club
              (21 damage)
             ... on level 4 of the Dungeon.
             The game lasted 00:04:16 (3842 turns).

Fang the Skirmisher (Gargoyle Berserker)            Turns: 3842, Time: 00:04:16

Health: -3/44      AC: 17    Str: 23    XL:     7   Next: 70%
Magic:  7/7        EV:  8    Int:  7    God:    Trog [**....]
Gold:   209        SH:  0    Dex:  9    Spells: 6/6 levels left

rFire    . . .     SeeInvis .   a - +0 war axe
rCold    . . .     Gourm    .   (no shield)
rNeg     + . .     Faith    .   b - +0 plate armour
rPois    ∞         Spirit   .   (no helmet)
rElec    +         Reflect  .   (no cloak)
rCorr    .         Harm     .   (no gloves)
MR       .....                  (no boots)
Stlth    ..........             (no amulet)
HPRegen  0.14/turn              (no ring)
MPRegen  0.10/turn              (no ring)

@: no status effects
A: negative energy resistance 1, electricity resistance, unbreathing,
petrification resistance, rot immunity, AC +4
a: Berserk, Trog's Hand, Renounce Religion


You were on level 4 of the Dungeon.
You worshipped Trog.
Trog was pleased with you.
You were not hungry.

You visited 1 branch of the dungeon, and saw 4 of its levels.

You collected 209 gold pieces.

Inventory:

Hand Weapons
 a - a +0 war axe (weapon)
Armour
 b - a +0 plate armour (worn)
Jewellery
 u - an uncursed ring of resist corrosion {unknown}
Wands
 k - a wand of random effects (18)
 s - a wand of acid (7)
 t - a wand of flame (17)
Scrolls
 d - 3 scrolls of magic mapping {unknown}
 e - 2 scrolls of blinking {unknown}
 f - 2 scrolls of fear {unknown}
 h - a scroll of enchant weapon {unknown}
 j - 5 scrolls of identify {unknown}
 l - 2 scrolls of fog {unknown}
 n - a scroll of remove curse {unknown}
 r - a scroll of teleportation {unknown}
Potions
 g - 3 potions of curing {unknown}
 i - a potion of brilliance {unknown}
 m - a potion of haste {unknown}
 o - a potion of degeneration {unknown}
 p - a potion of flight {unknown}
 q - 3 potions of lignification {unknown}
Comestibles
 c - 5 rations
 v - 5 chunks of flesh


   Skills:
 + Level 5.5 Fighting
 + Level 4.6 Axes
 + Level 4.9 Armour
 + Level 3.7 Dodging


You had 6 spell levels left.
You didn't know any spells.
Your spell library was empty.

Dungeon Overview and Level Annotations

Branches:
Dungeon (4/15)             Temple (0/1) D:4

Altars:
Cheibriados
Ru
Trog
Xom

Annotations:
D:4 2 transporters


Innate Abilities, Weirdness & Mutations

You are resistant to torment.
Your stone body is resilient. (AC +4)
You are immune to poison.
You resist negative energy. (rN+)
You are resistant to electric shocks. (rElec)
You can survive without breathing.
You are immune to petrification.
You are immune to rotting.


Message History

The ogre barely misses you.
You slash the ogre!
The ogre is almost dead.
The ogre hits you with a +0 giant club!
You closely miss the ogre.
The ogre is almost dead.
The ogre barely misses you.
You barely miss the ogre.
The ogre is almost dead.
The ogre hits you with a +0 giant club!
You are too injured to fight recklessly!
You are too injured to fight recklessly!
You are too injured to fight recklessly!
You are too injured to fight recklessly!
You are too injured to fight recklessly!
You are too injured to fight recklessly!
You hit the ogre.
The ogre is almost dead.
The ogre hits you with a +0 giant club!!
You die...

#.#...[....).#####.# #
#.###...<.....# #.# #
............# #.# #
#....###..####.#
.####(............#
..[.....###..####.######
.######.# #.............
.######.###.#####.#####.
#......@...÷#####.# ##.
#.#####O..........# #..
#[#.........# #..
#.#...####..# #..
#.##.## #.[# ##. #.##.#
#..# #. #.##.## ##.#.#
#. #.#...###.###.###.
##........## #....


You could see an ogre.

Vanquished Creatures
  A centaur (D:3)
  A phantom (D:4)
  2 ogres (D:4)
  A scorpion (D:3)
  A hound (D:4)
  2 orc priests
  Crazy Yiuf (D:3)
  An orc wizard (D:4)
  Natasha (thrice) (D:3)
  3 adders
  3 oozes
  2 worms
  4 dart slugs
  2 leopard geckos
  14 orcs
  A ball python (D:3)
  6 giant cockroaches
  3 goblins
  3 hobgoblins
  2 jackals (D:2)
  6 kobolds
  A quokka (D:3)
  9 bats
  4 frilled lizards
  13 rats
89 creatures vanquished.

Notes
Turn   | Place    | Note
-------+----------+-------------------------------------------
     0 | D:1      | Fang the Gargoyle Berserker began the quest for the Orb.
     0 | D:1      | Reached XP level 1. HP: 14/14 MP: 1/1
    79 | D:1      | Reached XP level 2. HP: 19/19 MP: 2/2
   668 | D:1      | Reached XP level 3. HP: 20/23 MP: 3/3
  1046 | D:2      | Reached ** piety under Trog
  1773 | D:3      | Found a faded altar of an unknown god.
  1794 | D:3      | Noticed a centaur
  1799 | D:3      | Reached XP level 4. HP: 29/29 MP: 4/4
  1803 | D:3      | Killed a centaur
  1803 | D:3      | Reached skill level 4 in Fighting
  1803 | D:3      | Reached XP level 5. HP: 33/33 MP: 5/5
  2025 | D:3      | Noticed Natasha
  2036 | D:3      | Killed Natasha
  2122 | D:3      | Noticed Natasha
  2133 | D:3      | Killed Natasha
  2197 | D:3      | Reached XP level 6. HP: 22/39 MP: 6/6
  2340 | D:3      | Found a sacrificial altar of Ru.
  2356 | D:3      | Noticed Natasha
  2370 | D:3      | Killed Natasha
  2890 | D:3      | Found a runed translucent door.
  2891 | D:3      | Noticed Crazy Yiuf
  3094 | D:3      | Killed Crazy Yiuf
  3258 | D:4      | Noticed a phantom
  3280 | D:4      | Killed a phantom
  3280 | D:4      | Reached skill level 5 in Fighting
  3280 | D:4      | Reached XP level 7. HP: 36/44 MP: 7/7
  3287 | D:4      | Found a bloodstained altar of Trog.
  3287 | D:4      | Found a shimmering altar of Xom.
  3287 | D:4      | Found a sacrificial altar of Ru.
  3309 | D:4      | Found a staircase to the Ecumenical Temple.
  3432 | D:4      | Found a snail-covered altar of Cheibriados.
  3432 | D:4      | Noticed a four-headed hydra
  3433 | D:4      | Found a transporter.
  3495 | D:4      | Found a transporter.
  3842 | D:4      | Slain by an ogre

Skill      XL: |  1  2  3  4  5  6 |
---------------+-------------------+-----
Axes           | 3 4 |  4.6
Dodging        | 2 3 |  3.7
Fighting       | 4 5 |  5.5
Armour         | 3 4 |  4.9

Action                   |  1- 3 |  4- 6 |  7- 9 || total
-------------------------+-------+-------+-------++-------
Melee: Hand axe          |   157 |   181 |    73 ||   411
       War axe           |       |       |    10 ||    10
Invok: Berserk           |     1 |     3 |     1 ||     5
  Eat: Chunk             |     3 |     8 |     4 ||    15
Armor: Animal skin       |    25 |       |       ||    25
       Plate armour      |    79 |    96 |    81 ||   256
Dodge: Dodged            |    70 |    43 |    38 ||   151
